[Event "Titled Tuesday Blitz August 08 Early 2023"]
[White "Aronian, Levon"]
[Black "Shyam, Sundar M."]
[WhiteFideId "13300474"]
[BlackFideId "5019141"]
[WhiteElo "3019"]
[BlackElo "2723"]
[Result "1-0"]
[Round "3"]
[TimeControl "180+1"]
[Date "2023.08.08"]
[WhiteClock "0:00:50"]
[BlackClock "0:00:19"]
[Board "10"]

1. e4 e5 2. Nf3 Nc6 3. Bb5 a6 4. Ba4 Nf6 5. d3 d6 6. c4 Be7 7. h3 h6 8. O-O Nh7 9. d4 Bd7 10. Nc3 Ng5 11. Bxg5 hxg5 12. Bxc6 bxc6 13. dxe5 g4 14. hxg4 Bxg4 15. exd6 cxd6 16. Qd3 Qd7 17. Nd4 Rb8 18. b3 g6 19. Rae1 c5 20. Nc2 Qe6 21. f4 g5 22. f5 Qh6 23. Qg3 Qh4 24. Qxh4 gxh4 25. e5 dxe5 26. Rxe5 f6 27. Re4 Rg8 28. Nd5 1-0


[Site "https://www.chess.com"]

[Event "Titled Tuesday Blitz August 08 Early 2023"]
[White "Makarian, Rudik"]
[Black "Jaracz, Pawel"]
[WhiteFideId "44105681"]
[BlackFideId "1102222"]
[WhiteElo "3019"]
[BlackElo "2721"]
[Result "0-1"]
[Round "3"]
[TimeControl "180+1"]
[Date "2023.08.08"]
[WhiteClock "0:00:01"]
[BlackClock "0:00:10"]
[Board "11"]

1. d4 d5 2. c4 c6 3. Nf3 Nf6 4. Nc3 dxc4 5. g3 b5 6. Bg2 Bb7 7. Ne5 a6 8. O-O e6 9. b3 b4 10. bxc4 bxc3 11. Rb1 Bc8 12. c5 Bd7 13. Rb7 Be7 14. Nc4 Bc8 15. Rxe7+ Kxe7 16. Bf4 Nbd7 17. Bd6+ Ke8 18. Bxc6 Ra7 19. Ba4 Nd5 20. e4 Ne7 21. Bxe7 Kxe7 22. Qc2 Nxc5 23. dxc5 Qd4 24. Na5 Rc7 25. Nc6+ Rxc6 26. Bxc6 Qxc5 27. Ba4 Rd8 28. Rc1 Qb4 29. Bb3 Bb7 30. f3 Qc5+ 31. Kh1 Rc8 32. Kg2 g6 33. Qd3 Qb4 34. e5 Qc5 35. h4 h6 36. Qe2 g5 37. hxg5 hxg5 38. g4 Qd4 39. Rd1 Qxg4+ 40. Kf2 Qh4+ 41. Kg1 Qg3+ 42. Qg2 Qxe5 43. Qf2 Qf4 44. Qb6 Qg3+ 45. Kf1 Qxf3+ 46. Ke1 Qe4+ 47. Kf2 Qf3+ 48. Ke1 Qe4+ 49. Kf2 Qf4+ 50. Ke1 Qc7 51. Qb4+ Kf6 52. Qd4+ Qe5+ 53. Qxe5+ Kxe5 54. Ke2 Be4 55. Ke3 c2 56. Rc1 f5 57. Kd2 g4 58. Re1 g3 59. Kc1 g2 60. Rg1 Kf4 61. Bxe6 Rc7 62. Kb2 c1=Q+ 0-1


[Site "https://www.chess.com"]

[Event "Titled Tuesday Blitz August 08 Early 2023"]
[White "Volkov, Maksim"]
[Black "Martinez Alcantara, Jose Eduardo"]
[WhiteFideId "54123070"]
[BlackFideId "3805662"]
[WhiteElo "2720"]
[BlackElo "3018"]
[Result "0-1"]
[Round "3"]
[TimeControl "180+1"]
[Date "2023.08.08"]
[WhiteClock "0:00:12"]
[BlackClock "0:00:33"]
[Board "12"]

1. d4 Nf6 2. c4 e6 3. g3 Bb4+ 4. Bd2 c5 5. d5 Bxd2+ 6. Qxd2 exd5 7. cxd5 O-O 8. Bg2 Re8 9. Nc3 d6 10. Nf3 Bf5 11. Nh4 Bg6 12. Nxg6 hxg6 13. O-O Nbd7 14. e4 a6 15. a4 c4 16. Qe2 Rc8 17. Rac1 Qa5 18. f4 b5 19. axb5 axb5 20. Ra1 Qb6+ 21. Kh1 b4 22. Na4 Qa5 23. Rfe1 Nc5 24. Nxc5 Qxc5 25. Qf3 Qd4 26. Ra6 Nxe4 27. Re2 Nd2 28. Rxe8+ Rxe8 29. Qd1 Qf2 30. Ra1 c3 31. bxc3 bxc3 32. Rc1 Nb3 33. Qg1 Qxg1+ 34. Rxg1 0-1


[Site "https://www.chess.com"]

[Event "Titled Tuesday Blitz August 08 Early 2023"]
[White "Yanchenko, Roman"]
[Black "Tabatabaei, M. Amin"]
[WhiteFideId "4137329"]
[BlackFideId "12521213"]
[WhiteElo "2720"]
[BlackElo "2999"]
[Result "0-1"]
[Round "3"]
[TimeControl "180+1"]
[Date "2023.08.08"]
[WhiteClock "0:00:03"]
[BlackClock "0:00:11"]
[Board "13"]

1. d4 e6 2. Nf3 c5 3. c3 Nf6 4. Bf4 Qb6 5. Qb3 Nc6 6. e3 Qxb3 7. axb3 Nh5 8. Bc7 cxd4 9. Nxd4 d6 10. Bb6 Kd7 11. b4 Nf6 12. Nxc6 Kxc6 13. Bd4 b6 14. b5+ Kc7 15. f4 Bb7 16. Nd2 Be7 17. Rg1 Rhe8 18. g4 Bf8 19. g5 Nd7 20. e4 e5 21. fxe5 dxe5 22. Be3 Bc5 23. Kf2 Rf8 24. Bc4 f6 25. gxf6 Rxf6+ 26. Ke2 g6 27. Rgf1 Bxe3 28. Kxe3 Rxf1 29. Rxf1 Rf8 30. Ra1 Kb8 31. Bd5 g5 32. h3 h6 33. Nc4 Rf4 34. Bc6 Bxc6 35. bxc6 Nc5 36. Nd2 Rh4 37. Rf1 Rxh3+ 38. Ke2 Kc7 39. b4 Na4 40. b5 Nxc3+ 41. Ke1 Nxb5 42. Rf6 Nd4 43. Nc4 Nxc6 44. Rf7+ Kd8 45. Nd6 Rd3 46. Nf5 a5 47. Rf6 Kc7 48. Ke2 Rd8 49. Rxh6 a4 50. Rh7+ Rd7 51. Rh3 b5 52. Ne3 Nb4 53. Nd1 Nc6 54. Nc3 Nd4+ 55. Ke1 Nc2+ 56. Ke2 b4 57. Nd5+ Kb7 58. Nf6 Rd6 59. Ng4 a3 60. Nxe5 a2 61. Nc4 Ra6 62. Rh7+ Kc8 63. Rh8+ Kd7 64. Rh7+ Ke8 65. Rh8+ Ke7 66. Ne5 a1=Q 67. Rh7+ Ke6 68. Nd3 Nd4+ 69. Ke3 Qg1+ 0-1


[Site "https://www.chess.com"]

[Event "Titled Tuesday Blitz August 08 Early 2023"]
[White "Andreikin, Dmitry"]
[Black "Akobian, Varuzhan"]
[WhiteFideId "4158814"]
[BlackFideId "13300580"]
[WhiteElo "2998"]
[BlackElo "2712"]
[Result "1-0"]
[Round "3"]
[TimeControl "180+1"]
[Date "2023.08.08"]
[WhiteClock "0:00:03"]
[BlackClock "0:00:00"]
[Board "14"]

1. d4 e6 2. Bf4 Nf6 3. e3 b6 4. Nf3 Bb7 5. h3 Be7 6. Nbd2 O-O 7. Bd3 c5 8. c3 cxd4 9. cxd4 d6 10. O-O Nbd7 11. Bh2 a6 12. Rc1 b5 13. e4 Qb6 14. Qe2 Rfc8 15. a3 h6 16. Nb3 Rxc1 17. Rxc1 Rc8 18. Rxc8+ Bxc8 19. Qc2 Bb7 20. Bf4 Qc6 21. Qe2 Bd8 22. Nfd2 e5 23. d5 Qc8 24. Be3 Bb6 25. Kh2 Qc7 26. Qe1 Bc8 27. Nf1 Bxe3 28. Nxe3 Nc5 29. Nxc5 dxc5 30. b3 Ne8 31. Qc3 f6 32. b4 c4 33. Bc2 Nd6 34. Nd1 Qb6 35. Qe3 Qd4 36. Nc3 Kf7 37. g4 g5 38. Qe1 Kg6 39. Kg3 h5 40. Bb1 Bd7 41. Bc2 h4+ 42. Kg2 Bc8 43. Qe3 Bd7 44. Qxd4 exd4 45. e5+ Kf7 46. exd6 dxc3 47. Kf3 Ke8 48. Ke3 Kd8 49. Kd4 1-0


[Site "https://www.chess.com"]

[Event "Titled Tuesday Blitz August 08 Early 2023"]
[White "KarolKacprzak"]
[Black "Kramnik, Vladimir"]
[BlackFideId "4101588"]
[WhiteElo "2711"]
[BlackElo "2998"]
[Result "0-1"]
[Round "3"]
[TimeControl "180+1"]
[Date "2023.08.08"]
[WhiteClock "0:01:04"]
[BlackClock "0:01:43"]
[Board "15"]

1. e4 c5 2. Nf3 e6 3. d4 cxd4 4. Nxd4 Nf6 5. Nc3 Nc6 6. Ndb5 d6 7. Bf4 e5 8. Bg5 a6 9. Na3 b5 10. Bxf6 gxf6 11. Nd5 f5 12. g3 Bg7 13. Bg2 f4 14. c3 h5 15. Nc2 h4 16. gxf4 exf4 17. Nxf4 Ne5 18. h3 Qg5 19. Qd5 Qxf4 20. Qxa8 Nd3+ 21. Ke2 O-O 22. Kxd3 Be6 23. Qxf8+ Kxf8 24. Ne3 Qxf2 25. b3 Bh6 0-1


[Site "https://www.chess.com"]

[Event "Titled Tuesday Blitz August 08 Early 2023"]
[White "Morefield, Jason"]
[Black "Matlakov, Maxim"]
[WhiteFideId "30920825"]
[BlackFideId "4168003"]
[WhiteElo "2704"]
[BlackElo "2989"]
[Result "0-1"]
[Round "3"]
[TimeControl "180+1"]
[Date "2023.08.08"]
[WhiteClock "0:00:05"]
[BlackClock "0:00:52"]
[Board "16"]

1. e4 e5 2. Nf3 Nc6 3. Bb5 a6 4. Ba4 Nf6 5. O-O Bc5 6. c3 b5 7. Bb3 d6 8. a4 Bb7 9. d4 Bb6 10. Re1 O-O 11. Bg5 h6 12. Bh4 exd4 13. cxd4 g5 14. Bg3 Re8 15. axb5 axb5 16. Rxa8 Bxa8 17. e5 dxe5 18. Nxe5 Nxe5 19. Bxe5 Bxd4 20. Bxd4 Rxe1+ 21. Qxe1 Qxd4 22. Nc3 Qg4 23. f3 Qd4+ 24. Qf2 Qe5 25. h3 b4 26. Na4 Bd5 27. Bxd5 Nxd5 28. Nc5 Nf4 29. Ne4 Nd3 30. Qd2 Qd4+ 31. Kf1 Kg7 32. Ng3 Kg6 33. Qc2 c5 34. b3 f5 35. Ke2 Nf4+ 36. Kf1 Qd3+ 37. Qxd3 Nxd3 38. Ne2 f4 39. g4 Kf6 40. Ng1 Ke5 41. Ke2 Nc1+ 42. Kd2 Nxb3+ 43. Kc2 Nd4+ 44. Kd3 Kd5 0-1


[Site "https://www.chess.com"]

[Event "Titled Tuesday Blitz August 08 Early 2023"]
[White "Van Foreest, Jorden"]
[Black "Korchmar, Vasiliy"]
[WhiteFideId "1039784"]
[BlackFideId "24131750"]
[WhiteElo "2986"]
[BlackElo "2704"]
[Result "1-0"]
[Round "3"]
[TimeControl "180+1"]
[Date "2023.08.08"]
[WhiteClock "0:00:37"]
[BlackClock "0:00:00"]
[Board "17"]

1. d4 d5 2. Nf3 Nf6 3. e3 g6 4. c4 c6 5. Nc3 Bg7 6. Be2 O-O 7. O-O Bg4 8. Qb3 Qb6 9. h3 Bxf3 10. Bxf3 e6 11. Bd2 Nbd7 12. Rac1 Rfe8 13. Be2 Rac8 14. Rfd1 h5 15. Qa3 a6 16. b4 dxc4 17. Bxc4 e5 18. Qb3 Re7 19. d5 cxd5 20. Bxd5 Nf8 21. e4 Ne6 22. Na4 Qd8 23. Rxc8 Qxc8 24. Be3 Nxd5 25. exd5 Nd4 26. Bxd4 exd4 27. d6 Re2 28. Nc5 Qf5 29. Qf3 Qxf3 30. gxf3 b6 31. d7 Bf6 32. Nb7 Rxa2 33. Rxd4 a5 34. d8=Q+ Bxd8 35. Rxd8+ Kg7 36. bxa5 bxa5 37. Ra8 a4 38. Ra7 a3 39. Kg2 Ra1 40. Nd6 a2 41. Ne4 Kg8 42. Nc3 Rc1 43. Nxa2 Ra1 44. Ra6 Kg7 45. Nb4 Rb1 46. Nd3 Rb7 47. Ne5 Re7 48. f4 Rb7 49. Rd6 1-0


[Site "https://www.chess.com"]

[Event "Titled Tuesday Blitz August 08 Early 2023"]
[White "Csonka, Balazs"]
[Black "Puranik, Abhimanyu"]
[WhiteFideId "742910"]
[BlackFideId "5061245"]
[WhiteElo "2701"]
[BlackElo "2985"]
[Result "1-0"]
[Round "3"]
[TimeControl "180+1"]
[Date "2023.08.08"]
[WhiteClock "0:00:06"]
[BlackClock "0:00:08"]
[Board "18"]

1. d4 Nf6 2. Nf3 g6 3. c4 Bg7 4. Nc3 d5 5. cxd5 Nxd5 6. e4 Nxc3 7. bxc3 c5 8. Bb5+ Nd7 9. O-O O-O 10. Re1 a6 11. Bf1 b5 12. a4 b4 13. cxb4 cxb4 14. a5 Nb8 15. Qa4 Bg4 16. Be3 Bxf3 17. gxf3 Bxd4 18. Red1 e5 19. Rac1 Nd7 20. Kh1 Qe7 21. Rc7 Nc5 22. Qc6 Qd8 23. Bxd4 Ne6 24. Rd7 Qxa5 25. Ba1 Rfd8 26. Qd5 Qa3 27. Qxe5 Qxf3+ 28. Kg1 Qg4+ 29. Bg2 Qxd1+ 30. Rxd1 Rxd1+ 31. Bf1 Nd4 32. Bxd4 1-0


[Site "https://www.chess.com"]

[Event "Titled Tuesday Blitz August 08 Early 2023"]
[White "Movahed, Sina"]
[Black "Rendle, Thomas E"]
[WhiteFideId "42520835"]
[BlackFideId "408760"]
[WhiteElo "2980"]
[BlackElo "2699"]
[Result "0-1"]
[Round "3"]
[TimeControl "180+1"]
[Date "2023.08.08"]
[WhiteClock "0:00:14"]
[BlackClock "0:00:47"]
[Board "19"]

1. e4 e6 2. d4 d5 3. e5 c5 4. c3 Nc6 5. Nf3 Qb6 6. Bd3 cxd4 7. O-O Bd7 8. Re1 a6 9. Nbd2 Nge7 10. c4 Ng6 11. cxd5 exd5 12. g3 Be7 13. h4 Nf8 14. a3 a5 15. b3 Ne6 16. Bb2 Rc8 17. Rc1 O-O 18. Qe2 Rfe8 19. h5 Bf8 20. Bb1 g6 21. hxg6 hxg6 22. Qd3 Nc5 23. Qe2 Bg4 24. Ba2 Bh6 25. Qf1 Ne4 26. Nxe4 dxe4 27. Nh2 Bf5 28. Rc4 d3 29. e6 Rxe6 30. g4 e3 31. gxf5 exf2+ 32. Kg2 fxe1=Q 33. fxe6 Qxf1+ 34. Nxf1 fxe6 35. Rg4 Ne7 0-1


[Site "https://www.chess.com"]

[Event "Titled Tuesday Blitz August 08 Early 2023"]
[White "Alex_Sahakyan2006"]
[Black "Demidov, Mikhail"]
[BlackFideId "4197143"]
[WhiteElo "2696"]
[BlackElo "2965"]
[Result "1-0"]
[Round "3"]
[TimeControl "180+1"]
[Date "2023.08.08"]
[WhiteClock "0:00:22"]
[BlackClock "0:00:08"]
[Board "20"]

1. d4 g6 2. e4 Bg7 3. Nc3 d6 4. Be3 a6 5. h4 h5 6. Qd2 b5 7. Nh3 Bb7 8. Ng5 Nf6 9. f3 Nbd7 10. O-O-O e6 11. Ne2 Qe7 12. Nf4 Nb6 13. Bd3 e5 14. dxe5 dxe5 15. Ne2 c5 16. Qa5 Nfd7 17. Nc3 Bh6 18. Nd5 Bxd5 19. exd5 f6 20. Bxg6+ Kf8 21. d6 Qd8 22. Ne6+ Kg8 23. Bxh6 Qc8 24. Bg7 Nc4 25. Qc7 Ne3 26. Rd3 Nc4 27. Rh3 Rh7 28. Rg3 Rxg7 29. Nxg7 Kxg7 30. Bf5+ Kh8 31. Qxd7 Qxd7 32. Bxd7 Rd8 33. Be6 Nb6 34. d7 Na8 35. Rg8+ Rxg8 36. Bxg8 Kxg8 37. d8=Q+ Kf7 38. Qxa8 1-0


[Site "https://www.chess.com"]

[Event "Titled Tuesday Blitz August 08 Early 2023"]
[White "Shimanov, Aleksandr"]
[Black "Koshulyan, Egor A."]
[WhiteFideId "4198603"]
[BlackFideId "24237000"]
[WhiteElo "2936"]
[BlackElo "2693"]
[Result "1-0"]
[Round "3"]
[TimeControl "180+1"]
[Date "2023.08.08"]
[WhiteClock "0:01:15"]
[BlackClock "0:00:33"]
[Board "21"]

1. c4 e6 2. g3 d5 3. Bg2 Nf6 4. Nf3 dxc4 5. Qa4+ Nbd7 6. Qxc4 Nb6 7. Qc2 c5 8. O-O Be7 9. Rd1 O-O 10. d4 cxd4 11. Nxd4 Qe8 12. Nc3 a6 13. Qb3 Nbd7 14. Qc2 Nb6 15. a4 Nbd5 16. Qb3 Nb4 17. Bf4 Nd7 18. Nf3 Nc6 19. Ne4 Qd8 20. Ne5 Ncxe5 21. Bxe5 Qb6 22. Qxb6 Nxb6 23. Bd6 Bxd6 24. Nxd6 Rb8 25. a5 Nd7 26. Nxc8 1-0


[Site "https://www.chess.com"]

[Event "Titled Tuesday Blitz August 08 Early 2023"]
[White "Rychagov, Andrey"]
[Black "Muradli, Mahammad"]
[WhiteFideId "4119932"]
[BlackFideId "13409301"]
[WhiteElo "2685"]
[BlackElo "2923"]
[Result "0-1"]
[Round "3"]
[TimeControl "180+1"]
[Date "2023.08.08"]
[WhiteClock "0:00:02"]
[BlackClock "0:00:35"]
[Board "22"]

1. d4 d6 2. Nf3 g6 3. c4 Bg7 4. Nc3 c5 5. d5 e6 6. e4 Ne7 7. Bd3 exd5 8. cxd5 a6 9. a4 Bg4 10. h3 Bxf3 11. Qxf3 Nd7 12. Qe2 Rc8 13. O-O O-O 14. Bf4 Ne5 15. Bc2 c4 16. a5 Rc5 17. Bd2 Rxa5 18. Na4 Rb5 19. Bc3 Qc7 20. Rfc1 Rc8 21. f4 Nd7 22. Qe3 Bxc3 23. Qxc3 Nb6 24. Kh1 Nxa4 25. Rxa4 Rc5 26. Qf6 Qd8 27. Bd1 Nc6 28. Qc3 Nb8 29. Bg4 R8c7 30. Qd4 Nd7 31. e5 dxe5 32. fxe5 Nb6 0-1


[Site "https://www.chess.com"]

[Event "Titled Tuesday Blitz August 08 Early 2023"]
[White "Hoang, Thi Bao Tram"]
[Black "Demchenko, Anton"]
[WhiteFideId "12401102"]
[BlackFideId "4160258"]
[WhiteElo "2680"]
[BlackElo "2913"]
[Result "1-0"]
[Round "3"]
[TimeControl "180+1"]
[Date "2023.08.08"]
[WhiteClock "0:00:14"]
[BlackClock "0:00:00"]
[Board "23"]

1. Nf3 Nf6 2. g3 g6 3. Bg2 Bg7 4. O-O O-O 5. d4 d6 6. a4 a5 7. c3 Re8 8. Na3 Nbd7 9. Nc4 c6 10. Re1 d5 11. Nce5 Nxe5 12. Nxe5 Ng4 13. Nxg4 Bxg4 14. Qb3 Qd7 15. e4 dxe4 16. Bxe4 Be6 17. Qc2 Bd5 18. Bf4 Bxe4 19. Rxe4 e6 20. Rae1 b5 21. Be5 f6 22. Bf4 Qd5 23. R4e2 g5 24. Bd2 Rab8 25. Qd3 Rb7 26. axb5 cxb5 27. Bc1 a4 28. Qe4 Qxe4 29. Rxe4 Kf7 30. h4 h6 31. hxg5 hxg5 32. Kg2 Rc7 33. Kf3 Rc4 34. Bd2 Rc7 35. Ke2 Rd7 36. Kd1 Rd6 37. Kc2 Rc8 38. Kb1 Rc4 39. f4 f5 40. R4e2 g4 41. Be3 b4 42. Rc1 b3 43. Rd1 Bf6 44. Bc1 Bd8 45. Rd3 Bc7 46. Rde3 Bd8 47. Rh2 Bf6 48. Rhe2 Rcc6 49. Bd2 Rc8 50. Bc1 Rdc6 51. Bd2 Rh8 52. Re1 Rh2 53. R3e2 Rxe2 54. Rxe2 Rc4 55. Be1 Be7 56. Bd2 Bd6 57. Rh2 Bf8 58. Be3 Bg7 59. Rh1 Rc6 60. Rh2 Kg6 61. Rh1 Rc8 62. Kc1 Kf7 63. Kd2 Ra8 64. Ra1 Bf8 65. Kd3 a3 66. bxa3 b2 67. Rb1 Bxa3 68. Kc2 Ke7 69. c4 Kd6 70. Bd2 Kc6 71. Bc3 Rh8 72. Kb3 Bd6 73. Bxb2 Rh3 74. Rg1 Bxf4 75. Bc3 Rxg3 76. Rd1 Bd6 77. Ra1 f4 78. Ra6+ Kd7 79. c5 Bc7 80. Ra7 Kc6 81. Kc4 f3 82. Ra6+ Kd7 83. Ra7 Kc8 84. Ra8+ Kb7 85. Rf8 Rg2 86. Rf6 f2 87. Kb5 g3 88. c6+ Kb8 89. Rf8+ Ka7 90. Bb4 Bb6 91. Rf7+ Kb8 92. Kxb6 f1=Q 93. Rxf1 Rf2 94. Bd6+ Kc8 95. Ra1 Rb2+ 96. Kc5 Rc2+ 97. Kb5 Rb2+ 98. Ka4 g2 99. Bh2 Kd8 100. c7+ Kc8 101. Ka3 Rd2 102. Rg1 1-0


[Site "https://www.chess.com"]

[Event "Titled Tuesday Blitz August 08 Early 2023"]
[White "Alekseev, Evgeny"]
[Black "Akhmedinov, Satbek"]
[WhiteFideId "4138147"]
[BlackFideId "13714287"]
[WhiteElo "2912"]
[BlackElo "2678"]
[Result "1-0"]
[Round "3"]
[TimeControl "180+1"]
[Date "2023.08.08"]
[WhiteClock "0:00:25"]
[BlackClock "0:00:06"]
[Board "24"]

1. e4 c5 2. Nf3 Nc6 3. Bb5 g6 4. Bxc6 dxc6 5. d3 Bg7 6. h3 Nf6 7. a4 Nd7 8. a5 O-O 9. O-O e5 10. Be3 Qe7 11. Qd2 Re8 12. Bh6 Bh8 13. Na3 b5 14. axb6 axb6 15. Nc4 Ba6 16. b3 f5 17. exf5 Bxc4 18. Rxa8 Rxa8 19. f6 Bxf6 20. bxc4 Qd6 21. Qe2 Ra4 22. Nd2 Bg7 23. Ne4 Qe6 24. Be3 Nf6 25. f3 Nh5 26. Rb1 Nf4 27. Qd2 Ra6 28. g3 Nxh3+ 29. Kg2 g5 30. Rh1 Nf4+ 31. gxf4 gxf4 32. Bf2 Qg6+ 33. Kf1 Ra1+ 34. Be1 h5 35. Rg1 Qh6 36. Qg2 h4 37. Ke2 h3 38. Qg4 h2 39. Rh1 b5 40. cxb5 cxb5 41. Qg2 c4 42. Rxh2 cxd3+ 43. cxd3 Qc6 44. Bc3 b4 45. Bxa1 Qc2+ 46. Nd2 b3 47. Qg4 b2 48. Qe6+ Kf8 49. Bxb2 Qxb2 50. Qc8+ Kf7 51. Qd7+ Kf8 52. Rh7 1-0


[Site "https://www.chess.com"]

[Event "Titled Tuesday Blitz August 08 Early 2023"]
[White "Zakhartsov, Vladimir"]
[Black "Golubev, Mikhail"]
[WhiteFideId "4145097"]
[BlackFideId "14100983"]
[WhiteElo "2910"]
[BlackElo "2672"]
[Result "1-0"]
[Round "3"]
[TimeControl "180+1"]
[Date "2023.08.08"]
[WhiteClock "0:00:17"]
[BlackClock "0:00:00"]
[Board "25"]

1. d4 Nf6 2. c4 g6 3. Nc3 Bg7 4. e4 d6 5. h3 Nbd7 6. Be3 e5 7. d5 h5 8. Bd3 Nc5 9. Bc2 a5 10. Nf3 Qe7 11. a3 Bh6 12. Bxh6 Rxh6 13. b4 Na6 14. O-O Kf8 15. Nd2 Kg7 16. Nb3 axb4 17. axb4 Rb8 18. b5 Nc5 19. Nxc5 dxc5 20. b6 cxb6 21. Rb1 g5 22. Rxb6 h4 23. Qc1 Nh5 24. Rxh6 Kxh6 25. Ne2 Bd7 26. Bd3 Nf4 27. Nxf4 gxf4 28. Qd1 Rg8 29. Qf3 Qd6 30. Rb1 b6 31. Bf1 f6 32. Be2 Rg5 33. Qb3 Qe7 34. Kh2 1-0


[Site "https://www.chess.com"]

[Event "Titled Tuesday Blitz August 08 Early 2023"]
[White "Seemann, Jakub"]
[Black "Jones, Gawain C B"]
[WhiteFideId "21874697"]
[BlackFideId "409561"]
[WhiteElo "2672"]
[BlackElo "2902"]
[Result "0-1"]
[Round "3"]
[TimeControl "180+1"]
[Date "2023.08.08"]
[WhiteClock "0:00:04"]
[BlackClock "0:00:49"]
[Board "26"]

1. Nf3 g6 2. g3 Bg7 3. Bg2 c5 4. O-O Nc6 5. c4 d6 6. Nc3 e5 7. d3 Nge7 8. Rb1 O-O 9. a3 h6 10. b4 cxb4 11. axb4 d5 12. cxd5 Nxd5 13. Nxd5 Qxd5 14. Nd2 Qe6 15. b5 Nd4 16. e3 Nf5 17. Nc4 Rd8 18. Qb3 Rb8 19. Ba3 h5 20. b6 axb6 21. Nxb6 Qxb3 22. Rxb3 Be6 23. Rc3 e4 24. d4 Nxd4 25. exd4 Bxd4 26. Rc5 e3 27. fxe3 Bxe3+ 28. Kh1 Bxc5 29. Bxc5 Rd2 30. Na4 b5 31. Nc3 Rc2 32. Bd4 Rc8 33. Ne4 Rc1 34. Nd6 Rxf1+ 35. Bxf1 Rc1 36. Kg2 b4 37. Ne4 Bd5 38. Bd3 Rd1 39. Kf2 Bxe4 0-1


[Site "https://www.chess.com"]

[Event "Titled Tuesday Blitz August 08 Early 2023"]
[White "Vokhidov, Shamsiddin"]
[Black "Fus, Jakub"]
[WhiteFideId "14204223"]
[BlackFideId "1193023"]
[WhiteElo "2901"]
[BlackElo "2669"]
[Result "1/2-1/2"]
[Round "3"]
[TimeControl "180+1"]
[Date "2023.08.08"]
[WhiteClock "0:00:22"]
[BlackClock "0:00:21"]
[Board "27"]

1. e4 e6 2. d4 d5 3. Nc3 Nf6 4. Bg5 dxe4 5. Nxe4 Nbd7 6. Nf3 h6 7. Bxf6 Nxf6 8. Bd3 Nxe4 9. Bxe4 c5 10. Qe2 Qa5+ 11. c3 cxd4 12. Nxd4 Qb6 13. Nf3 Be7 14. O-O-O Bf6 15. h4 Bd7 16. g4 O-O-O 17. g5 hxg5 18. hxg5 Be7 19. Rxh8 Rxh8 20. Qc4+ Bc6 21. Ne5 Bxg5+ 22. Kb1 Rd8 23. Rxd8+ Qxd8 24. a4 Qd1+ 25. Ka2 Qxa4+ 26. Qxa4 Bxa4 27. Nxf7 Bf4 28. Nh8 Bc6 29. Bxc6 bxc6 30. Ng6 Bd6 31. Kb3 Kd7 32. Kc4 e5 33. Kd3 Ke6 34. Ke4 Kf6 35. Nh4 Bc5 36. Nf3 Bd6 37. Nd2 Bc7 38. Nc4 Ke6 39. f3 g6 40. Ne3 Kf6 41. Ng4+ Ke6 42. Nf2 Bd6 43. Nd3 Kf6 44. b3 Ke6 45. Nb2 Kf6 46. Nc4 Bc7 47. Ne3 Ke6 48. Ng4 Bd6 49. Nf2 Bc7 50. Nd3 Bd6 51. Nf2 Bc7 52. Nd1 Bd6 53. Nb2 Bb8 54. Nd3 Bd6 1/2-1/2


[Site "https://www.chess.com"]

[Event "Titled Tuesday Blitz August 08 Early 2023"]
[White "Sokolovsky, Yahli"]
[Black "Kazakouski, Valery"]
[WhiteFideId "2820242"]
[BlackFideId "13507443"]
[WhiteElo "2669"]
[BlackElo "2895"]
[Result "1/2-1/2"]
[Round "3"]
[TimeControl "180+1"]
[Date "2023.08.08"]
[WhiteClock "0:00:08"]
[BlackClock "0:00:09"]
[Board "28"]

1. b3 Nf6 2. Bb2 e6 3. e3 d5 4. Nf3 b6 5. d4 Bd6 6. Nbd2 O-O 7. Bd3 Ba6 8. O-O Bxd3 9. cxd3 a5 10. a3 Na6 11. Ne5 Nd7 12. Nc6 Qe8 13. f4 f6 14. Rc1 Nab8 15. Nxb8 Nxb8 16. e4 Na6 17. e5 fxe5 18. dxe5 Be7 19. Qg4 Qg6 20. Qxg6 hxg6 21. Rc6 Kf7 22. Nf3 Rac8 23. Rfc1 Nc5 24. d4 Nd3 25. R1c2 Bd8 26. g3 Nxb2 27. Rxb2 Re8 28. Rbc2 Ke7 29. Rxb6 Kd7 30. Rb5 c6 31. Rb7+ Bc7 32. Kf2 Rb8 33. Rxb8 Rxb8 34. Rc3 Bd8 35. Nd2 Be7 36. Nb1 Rb5 37. Ke3 c5 38. h4 a4 39. Nd2 cxd4+ 40. Kxd4 Bxa3 41. bxa4 Rb4+ 42. Kd3 Rxa4 43. Rb3 Bb4 44. Nf3 Bc5 45. Rb7+ Kc6 46. Rxg7 Ra3+ 47. Ke2 Re3+ 48. Kf2 Rxe5+ 49. Kg2 Re2+ 50. Kh3 d4 51. Ne5+ Kd5 52. Rd7+ Ke4 53. Nxg6 d3 54. Ne5 d2 55. Nc4 Bd4 56. Nxd2+ Rxd2 57. h5 Ra2 58. h6 Ra8 59. h7 Bf6 60. Kg4 Ra5 61. Rf7 Bd4 62. Rf8 Ra7 63. h8=Q Bxh8 64. Rxh8 Rg7+ 65. Kh4 Kf3 66. Re8 Rg4+ 67. Kh5 Kxg3 68. Rxe6 Kxf4 69. Rf6+ Kg3 70. Ra6 Rh4+ 71. Kg5 Rd4 72. Ra3+ Kf2 73. Kf5 Rb4 74. Ke5 Rh4 75. Rb3 Ke2 76. Ra3 Kd2 77. Kf5 Kc2 78. Kg5 Rb4 79. Kf5 Kb2 80. Rh3 Rb5+ 81. Ke4 Rb4+ 82. Kd5 Rb3 83. Rxb3+ Kxb3 1/2-1/2


[Site "https://www.chess.com"]

[Event "Titled Tuesday Blitz August 08 Early 2023"]
[White "Weetik, Vjacheslav"]
[Black "Aravindh, Chithambaram VR."]
[WhiteFideId "4153472"]
[BlackFideId "5072786"]
[WhiteElo "2668"]
[BlackElo "2891"]
[Result "0-1"]
[Round "3"]
[TimeControl "180+1"]
[Date "2023.08.08"]
[WhiteClock "0:00:00"]
[BlackClock "0:00:01"]
[Board "29"]

1. d4 Nf6 2. c4 b6 3. f3 e6 4. e4 d5 5. cxd5 exd5 6. e5 Nh5 7. Be3 c5 8. Nc3 cxd4 9. Bxd4 Nc6 10. Bb5 Bd7 11. Nge2 Be7 12. Bf2 O-O 13. Qxd5 Qc8 14. g4 Rd8 15. gxh5 Nb4 16. Bxd7 Nc2+ 17. Kf1 Rxd7 18. Qe4 Nxa1 19. Kg2 Rc7 20. Nd5 Rd7 21. Rxa1 Bf8 22. Rc1 Qd8 23. Nef4 Rc8 24. Rxc8 Qxc8 25. e6 fxe6 26. Qxe6+ Kh8 27. h6 Qd8 28. Bh4 Qc8 29. Bg3 Qd8 30. h4 Rd6 31. Qe5 Rxh6 0-1


[Site "https://www.chess.com"]

[Event "Titled Tuesday Blitz August 08 Early 2023"]
[White "Aaditya Dhingra"]
[Black "Baskakov, Egor"]
[WhiteFideId "25678191"]
[BlackFideId "24197866"]
[WhiteElo "2667"]
[BlackElo "2883"]
[Result "1/2-1/2"]
[Round "3"]
[TimeControl "180+1"]
[Date "2023.08.08"]
[WhiteClock "0:00:13"]
[BlackClock "0:00:27"]
[Board "30"]

1. Nf3 Nf6 2. c4 e6 3. g3 d5 4. Bg2 Be7 5. O-O O-O 6. b3 b6 7. Bb2 Bb7 8. e3 c5 9. cxd5 Bxd5 10. Nc3 Bb7 11. Qe2 Nc6 12. Rfd1 Rc8 13. Rac1 Qc7 14. d3 Qb8 15. h4 h6 16. d4 cxd4 17. Nxd4 Nxd4 18. Rxd4 Bxg2 19. Kxg2 Rfd8 20. Rcd1 Rxd4 21. Rxd4 Bc5 22. Rd3 Rd8 23. Qd1 Qa8+ 24. Kg1 Rxd3 25. Qxd3 Qf3 26. Qe2 Qf5 27. Kg2 Ne4 28. Nb5 Qd5 29. Qf3 f5 30. Bd4 a6 31. Nc3 Nxc3 32. Bxc3 g5 33. Qxd5 exd5 34. hxg5 hxg5 35. g4 fxg4 36. Kg3 Kf7 37. Kxg4 Kg6 38. Be5 Be7 39. Bc7 b5 40. Be5 Bd8 41. f4 gxf4 42. exf4 Bb6 43. f5+ Kf7 44. Kf3 Bc5 45. Ke2 Bb6 46. Kd3 Bg1 47. Bd4 Bh2 48. Kc3 Bd6 49. a4 Ke7 50. Kd3 Bg3 51. Bc3 Bf2 52. Be5 Kf7 53. axb5 axb5 54. Kc3 Bc5 55. Bd4 Bd6 56. Kd3 Ke7 57. Bg7 Bc5 58. Be5 Kf7 59. Ke2 Ke7 60. Kd3 Kf7 61. Bd4 Bd6 62. Bc3 Bc5 63. Be5 Ke7 64. Bd4 Bd6 65. Bc3 Bc5 66. Bb2 Kf7 67. Kc3 Ke7 68. Kd3 Kf7 69. Bc3 Ke7 70. Bd4 Bd6 1/2-1/2


[Site "https://www.chess.com"]